 Dungeon Sprint DCSS version 0.17-a0-1853-ge1bd2c8 (webtiles) character file.

51662 BluebellGnoll the Middleweight Champion (level 14, 0/149 HPs)
             Began as a Ghoul Monk on Sept 20, 2015.
             Was the Champion of Yredelemnul.
             Engulfed by a salamander stormcaller's flame (13 damage)
             ... in the Dungeon (Sprint IX: "|||||||||||||||||||||||||||||").
             The game lasted 00:33:34 (2877 turns).

BluebellGnoll the Middleweight Champion (GhMo)      Turns: 2877, Time: 00:33:34

Health: 0/149      AC: 22    Str: 23    XL:     14   Next: 60%
Magic:  20/20      EV: 10    Int:  5    God:    Yredelemnul [******]
Gold:   136        SH:  0    Dex: 21    Spells: 0 memorised, 13 levels left

rFire  . . .     SeeInvis .       - Unarmed
rCold  + + .     Clarity  .     q - +3 chain mail
rNeg   + + +     SustAt   .     (no shield)
rPois  ∞         Gourm    .     m - +0 helmet
rElec  .         Spirit   .     a - +0 cloak of the Bard {rPois Str+4 Dex+4} (curse)
rCorr  .         Warding  .     n - +0 pair of gloves
rMut   .         NoTele   +     N - +2 pair of boots {run}
MR     +....                    (no amulet)
Stlth  +++.......               A - +5 ring of dexterity
                                L - ring of protection from cold

@: rotting, quick, somewhat resistant to hostile enchantments, fairly stealthy
A: rotting body, claws 1, carnivore 3, cold resistance 1, negative energy
resistance 3, slow healing 1, torment resistance, unbreathing
a: Animate Dead, Recall Undead Slaves, Injury Mirror, Drain Life, Enslave Soul,
Renounce Religion


You were in the Dungeon.
You worshipped Yredelemnul.
Yredelemnul was exalted by your worship.
You were not hungry.

You visited 1 branch You collected 1900 gold pieces.
You spent 1764 gold pieces at shops.

Inventory:

Hand weapons
 l - the +2 halberd "Ylireu" {freeze, rF+ MR+}
   (You found it in the Dungeon)

   It has been specially enchanted to freeze those struck by it, causing extra
   injury to most foes and up to half again as much damage against particularly
   susceptible opponents.
   It can also slow down cold-blooded creatures.
   It protects you from fire.
   It affects your resistance to hostile enchantments.
Missiles
 y - 65 bolts
 z - 3 throwing nets (quivered)
 C - 4 tomahawks of returning
 E - 10 tomahawks
Armour
 a - the cursed +0 cloak of the Bard (worn) {rPois Str+4 Dex+4}
   (You bought it in a shop in the Dungeon)

   It affects your strength (+4).
   It affects your dexterity (+4).
   It protects you from poison.
   It has a curse placed upon it.
 m - a +0 helmet (worn)
 n - a +0 pair of gloves (worn)
 q - a +3 chain mail (worn)
 N - a +2 pair of boots of running (worn)
Magical staves
 u - an uncursed staff of fire
Jewellery
 p - a +2 ring of evasion
 A - a +5 ring of dexterity (right hand)
 L - a ring of protection from cold (left hand)
 M - an uncursed ring of protection from magic
 O - an uncursed ring of protection from cold
Magical devices
 k - a wand of draining (0)
Scrolls
 h - 2 scrolls of blinking
 i - 3 scrolls of remove curse
 j - 2 scrolls of amnesia
 v - 2 scrolls of fear
 x - a scroll of enchant armour
 F - 2 scrolls of identify
 G - a scroll of enchant weapon
 I - a scroll of immolation
 P - a scroll of fog
Potions
 c - 9 potions of curing
 d - 9 potions of heal wounds
 f - 4 potions of magic
 o - a potion of brilliance
 r - 3 potions of haste
 s - 3 potions of might
 t - 2 potions of resistance
 w - a potion of agility
Books
 J - a book of Debilitation

   Spells                             Type                      Level
   a - Corona                         Hexes                        1
   b - Slow                           Hexes                        2
   c - Gell's Gravitas                Hexes/Translocation          3
   d - Inner Flame                    Hexes/Fire                   3
   e - Cause Fear                     Hexes                        4
   f - Leda's Liquefaction            Hexes/Earth                  4
Miscellaneous
 K - an ornate deck of summoning
Comestibles
 b - 14 meat rations
 g - 4 chunks of flesh


   Skills:
 * Level 20.5 Fighting
 - Level 10.2 Armour
 - Level 2.6 Dodging
 - Level 15.4 Stealth
 O Level 27 Unarmed Combat
 - Level 8.6 Invocations
 - Level 9.8 Evocations


You had 13 spell levels left.
You didn't know any spells.

Dungeon Overview and Level Annotations

Branches:
Dungeon (1/1)

Altars:
Cheibriados
Dithmenos
Elyvilon
Fedhas
Gozag
Kikubaaqudgha
Makhleb
Nemelex Xobeh
Okawaru
Qazlal
Ru
Sif Muna
Trog
Vehumet
Xom
Yredelemnul
Zin
The Shining One
Beogh
Jiyva
Lugonu

Shops:
D ***!


Innate Abilities, Weirdness & Mutations

Your body is rotting away.
You thrive on raw meat.
You are immune to poison.
You have sharp fingernails.
You are carnivorous and can eat meat at any time.
Your flesh is cold resistant.
You are immune to negative energy.
You heal slowly when monsters are visible.
You are immune to unholy pain and torment.
You can survive without breathing.


Message History

Your skeletal warrior is engulfed in roaring flames.
Unknown command.
Drink which item? (? for menu, Esc to quit)
You feel much better.
You are engulfed in roaring flames.
* * * LOW HITPOINT WARNING * * *
Your profane servitor is engulfed in roaring flames.
The salamander stormcaller closely misses your phantasmal warrior.
Your bone dragon is engulfed in roaring flames.
Your vampire knight blinks!
Unknown command.
You swap places.
You are engulfed in roaring flames.
* * * LOW HITPOINT WARNING * * *
Your bone dragon is engulfed in roaring flames.
Something hits your phantasmal warrior but does no damage.
Your skeletal warrior is engulfed in roaring flames.
Things that are here:
a morningstar; a scale mail; 4 large rocks You swap places.
You are engulfed in roaring flames.
You die...
Yredelemnul claims you as an undead slave.

.▓.▓Z▓n▓[▓.▓A▓.▓)▓
'▓Z▓V▓n▓[▓.▓Z▓.▓n▓
.▓Z▓Z▓n▓.▓.▓W▓.▓z▓
Z▓Z▓Z▓n▓V▓.▓n▓.▓V▓
.▓Z▓Z▓n▓Z▓.▓Z▓.▓W▓
÷▓Z▓V▓n▓Z▓.▓W▓.▓n▓
.▓Z▓V▓n▓Z▓V▓V▓.▓z▓
.▓Z▓W▓n▓Z▓V▓V▓.▓Z▓
)▓.▓Z▓n▓Z▓V▓W▓.▓@▓
.▓.▓Z▓n▓Z▓.▓V▓.▓z▓
.▓.▓Z▓n▓V▓V▓n▓.▓§▓
'▓.▓V▓n▓V▓.▓A▓.▓D▓
.▓.▓V▓Z▓V▓.▓n▓A▓V▓
.▓.▓W▓.▓W▓.▓V▓A▓.▓
.▓.▓z▓.▓z▓.▓V▓.▓.▓
.▓.▓W▓.▓W▓.▓z▓.▓A▓
.▓.▓V▓.▓n▓.▓D▓.▓W▓


You could see a friendly bone dragon, a friendly profane servitor, 2 friendly
ghouls, 2 friendly vampire knights, 3 friendly skeletal warriors, a friendly
flayed ghost and a friendly human zombie.

Vanquished Creatures
  A greater naga (D)
  2 frost giants (D)
  2 ettins (D)
  2 fire dragons (D)
  3 hydras (D)
  A yaktaur captain (D)
  Harold (D)
  A great orb of eyes (D)
  2 entropy weavers (D)
  Erolcha (D)
  A naga warrior (D)
  An ice dragon (D)
  3 catoblepae (D)
  A rakshasa (D)
  2 alligators (D)
  2 centaur warriors (D)
  3 tengu warriors (D)
  3 death yaks (D)
  A hell knight (D)
  A sea snake (D)
  A giant orange brain (D)
  A wizard (D)
  A griffon (D)
  A hill giant (D)
  A mana viper (D)
  A harpy (D)
  2 manticores (D)
  2 ironbrand convokers (D)
  13 orc knights (D)
  A hornet (D)
  An orb spider (D)
  An ugly thing (D)
  2 water nymphs (D)
  A cyclops (D)
  A moth of wrath (D)
  3 black mambas (D)
  A troll (D)
  3 spiny frogs (D)
  A yaktaur (D)
  A tengu conjurer (D)
  A jumping spider (D)
  2 giant leeches (D)
  A merfolk (D)
  2 slime creatures (D)
  2 snapping turtles (D)
  A blink frog (D)
  A trapdoor spider (D)
  A water elemental (D)
  2 yaks (D)
  Eustachio (D)
  4 wolves (D)
  A hippogriff (D)
  Grum (D)
  A water moccasin (D)
  A porcupine (D)
  A spider (D)
  A boggart (D)
  8 orc warriors (D)
  2 ice beasts (D)
  An ogre (D)
  A centaur (D)
  2 crocodiles (D)
  A giant frog (D)
  A crimson imp (D)
  A hound (D)
  A wight (D)
  3 orc wizards (D)
  3 orc priests (D)
  A jelly (D)
  A sheep (D)
  A gnoll (D)
  A river rat (D)
  A worm (D)
  6 orcs (D)
  2 giant cockroaches (D)
  A goblin (D)
  A bat (D)
  2 giant newts (D)
  A kobold (D)
139 creatures vanquished.

Vanquished Creatures (collateral kills)
  A golden dragon (D)
  A greater naga (D)
  A frost giant (D)
  A stone giant (D)
  2 entropy weavers (D)
  A hydra (D)
  An ice dragon (D)
  2 centaur warriors (D)
  A death yak (D)
  A shock serpent (D)
  An unseen horror (D)
  A hill giant (shapeshifter) (D)
  An orc knight (D)
  3 black mambas (D)
  Psyche (D)
  A giant leech (D)
  2 jumping spiders (D)
  A tarantella (D)
  A slime creature (D)
  A bog body (D)
  A basilisk (D)
  A water moccasin (D)
  A soldier ant (shapeshifter) (D)
  3 orc warriors (D)
  An ogre (shapeshifter) (D)
  An orc wizard (D)
  An orc priest (D)
34 creatures vanquished.

Vanquished Creatures (others)
  A ghoul (D)
  A vampire knight (D)
  A flayed ghost (D)
  8 phantasmal warriors (D)
  A vault sentinel (D)
  A fire dragon zombie (D)
  8 flying skulls (D)
  A vampire (D)
  A yak (D)
  3 wraiths (D)
  A human zombie (D)
  A wight (D)
28 creatures vanquished.

Grand Total: 201 creatures vanquished

Notes
Turn   | Place    | Note
--------------------------------------------------------------
     0 | D        | BluebellGnoll the Ghoul Monk began the quest for the Orb.
     0 | D        | Reached XP level 1. HP: 19/19 MP: 0/0
     6 | D        | Reached skill level 5 in Unarmed Combat
    39 | D        | Noticed a crimson imp
    39 | D        | Noticed a jelly
    44 | D        | Killed a crimson imp
    44 | D        | Reached skill level 8 in Unarmed Combat
    44 | D        | Reached XP level 2. HP: 24/26 MP: 1/1
    44 | D        | Reached XP level 3. HP: 28/31 MP: 2/2
    58 | D        | Killed a jelly
    58 | D        | Reached skill level 9 in Unarmed Combat
    58 | D        | Reached XP level 4. HP: 26/38 MP: 3/3
    74 | D        | Found a glowing silver altar of Zin.
    74 | D        | Found a glowing golden altar of the Shining One.
    74 | D        | Found an ancient bone altar of Kikubaaqudgha.
    74 | D        | Found a basalt altar of Yredelemnul.
    74 | D        | Found a shimmering altar of Xom.
    74 | D        | Found a radiant altar of Vehumet.
    75 | D        | Found an iron altar of Okawaru.
    76 | D        | Found a burning altar of Makhleb.
    77 | D        | Found a deep blue altar of Sif Muna.
    78 | D        | Found a bloodstained altar of Trog.
    79 | D        | Found a sparkling altar of Nemelex Xobeh.
    80 | D        | Became a worshipper of Yredelemnul the Dark
    80 | D        | Acquired Yredelemnul's first power
    80 | D        | Acquired Yredelemnul's second power
    81 | D        | Found a white marble altar of Elyvilon.
    82 | D        | Found a roughly hewn altar of Beogh.
    83 | D        | Found a viscous altar of Jiyva.
    84 | D        | Found a corrupted altar of Lugonu.
    85 | D        | Found a blossoming altar of Fedhas.
    86 | D        | Found a snail-covered altar of Cheibriados.
    87 | D        | Found a shadowy altar of Dithmenos.
    88 | D        | Found a stormy altar of Qazlal.
    89 | D        | Found an opulent altar of Gozag.
    90 | D        | Found a sacrificial altar of Ru.
   107 | D        | Got the +2 halberd "Ylireu" {freeze, rF+ MR+}
   142 | D        | Noticed a hill giant
   142 | D        | Noticed a yak
   142 | D        | Noticed a hound
   142 | D        | Noticed an ogre
   142 | D        | Noticed an ice beast
   151 | D        | Killed a hill giant
   151 | D        | Reached XP level 5. HP: 13/58 MP: 4/4
   151 | D        | Reached XP level 6. HP: 14/66 MP: 5/5
   151 | D        | Reached XP level 7. HP: 15/71 MP: 6/6
   152 | D        | Reached skill level 10 in Fighting
   169 | D        | Killed a yak
   172 | D        | Killed a hound
   213 | D        | Killed an ogre
   213 | D        | Acquired Yredelemnul's third power
   213 | D        | Reached skill level 11 in Fighting
   213 | D        | Reached skill level 10 in Armour
   214 | D        | Killed an ice beast
   214 | D        | Reached XP level 8. HP: 16/82 MP: 7/7
   324 | D        | Noticed a tengu warrior
   324 | D        | Noticed a centaur warrior
   324 | D        | Noticed an ice beast
   324 | D        | Noticed a yak
   324 | D        | Noticed a wight
   324 | D        | Noticed a purple ugly thing
   335 | D        | Killed a tengu warrior
   335 | D        | Reached skill level 13 in Unarmed Combat
   339 | D        | Killed a centaur warrior
   339 | D        | Reached skill level 15 in Unarmed Combat
   339 | D        | Reached XP level 9. HP: 44/89 MP: 8/8
   349 | D        | Killed a purple ugly thing
   349 | D        | Reached skill level 16 in Unarmed Combat
   349 | D        | Received a gift from Yredelemnul
   351 | D        | Killed an ice beast
   355 | D        | Killed a yak
   356 | D        | Killed a wight
   502 | D        | Noticed a crocodile
   502 | D        | Noticed a spiny frog
   502 | D        | Noticed a porcupine
   502 | D        | Noticed a black mamba
   502 | D        | Noticed a spiny frog
   505 | D        | Killed a crocodile
   505 | D        | Received a gift from Yredelemnul
   506 | D        | Noticed a water moccasin
   509 | D        | Killed a spiny frog
   509 | D        | Reached skill level 17 in Unarmed Combat
   509 | D        | Received a gift from Yredelemnul
   510 | D        | Noticed a giant frog
   511 | D        | Noticed a hippogriff
   516 | D        | Killed a porcupine
   531 | D        | Killed a black mamba
   531 | D        | Reached skill level 18 in Unarmed Combat
   531 | D        | Reached XP level 10. HP: 44/96 MP: 9/9
   535 | D        | Killed a spiny frog
   535 | D        | Acquired Yredelemnul's fourth power
   535 | D        | Received a gift from Yredelemnul
   547 | D        | Killed a water moccasin
   551 | D        | Killed a giant frog
   554 | D        | Killed a hippogriff
   600 | D        | Noticed a five-headed hydra
   600 | D        | Noticed a water moccasin
   600 | D        | Noticed a spiny frog
   600 | D        | Noticed a crocodile
   600 | D        | Noticed a black mamba
   601 | D        | Noticed a four-headed hydra
   605 | D        | Killed a five-headed hydra
   607 | D        | Killed a water moccasin
   607 | D        | Reached skill level 5 in Invocations
   608 | D        | Noticed a basilisk
   612 | D        | Killed a spiny frog
   618 | D        | Noticed a blink frog
   618 | D        | Killed a four-headed hydra
   618 | D        | Reached skill level 5 in Evocations
   622 | D        | Killed a crocodile
   622 | D        | Received a gift from Yredelemnul
   631 | D        | Killed a black mamba
   639 | D        | Killed a basilisk
   659 | D        | Killed a blink frog
   659 | D        | Acquired Yredelemnul's fifth power
   659 | D        | Received a gift from Yredelemnul
   722 | D        | Noticed a yak
   722 | D        | Noticed a death yak
   722 | D        | Noticed a catoblepas
   722 | D        | Noticed a catoblepas
   722 | D        | Noticed a death yak
   722 | D        | Noticed a catoblepas
   754 | D        | Noticed a death yak
   765 | D        | Killed a death yak
   765 | D        | Reached skill level 19 in Unarmed Combat
   765 | D        | Reached XP level 11. HP: 92/102 MP: 16/16
   775 | D        | Noticed a death yak
   776 | D        | Killed a yak
   802 | D        | Killed a catoblepas
   803 | D        | Killed a catoblepas
   803 | D        | Received a gift from Yredelemnul
   839 | D        | Killed a death yak
   839 | D        | Reached skill level 20 in Unarmed Combat
   872 | D        | Killed a catoblepas
   872 | D        | Received a gift from Yredelemnul
   892 | D        | Killed a death yak
   902 | D        | Killed a death yak
   902 | D        | Reached skill level 21 in Unarmed Combat
   902 | D        | Received a gift from Yredelemnul
  1032 | D        | Noticed Harold
  1046 | D        | Killed Harold
  1078 | D        | Noticed Erolcha
  1092 | D        | Killed Erolcha
  1092 | D        | Received a gift from Yredelemnul
  1212 | D        | Noticed an orc priest
  1212 | D        | Noticed an orc wizard
  1212 | D        | Noticed an orc priest
  1212 | D        | Noticed an orc knight
  1214 | D        | Killed an orc priest
  1216 | D        | Killed an orc wizard
  1219 | D        | Killed an orc priest
  1225 | D        | Killed an orc knight
  1226 | D        | Noticed an orc wizard
  1228 | D        | Received a gift from Yredelemnul
  1232 | D        | Killed an orc wizard
  1235 | D        | Noticed an orc wizard
  1238 | D        | Noticed an orc priest
  1240 | D        | Killed an orc wizard
  1242 | D        | Received a gift from Yredelemnul
  1242 | D        | Received a gift from Yredelemnul
  1246 | D        | Killed an orc priest
  1296 | D        | Noticed an orc warrior
  1296 | D        | Noticed an orc knight
  1296 | D        | Noticed an orc warrior
  1296 | D        | Noticed an orc warrior
  1296 | D        | Noticed an orc knight
  1296 | D        | Noticed an orc warrior
  1297 | D        | Noticed an orc wizard
  1298 | D        | Noticed an orc warrior
  1303 | D        | Killed an orc knight
  1307 | D        | Killed an orc knight
  1307 | D        | Reached XP level 12. HP: 71/110 MP: 18/18
  1309 | D        | Killed an orc warrior
  1311 | D        | Noticed an orc warrior
  1314 | D        | Killed an orc warrior
  1316 | D        | Killed an orc warrior
  1317 | D        | Noticed an orc warrior
  1319 | D        | Noticed an orc warrior
  1322 | D        | Noticed an orc priest
  1322 | D        | Killed an orc warrior
  1322 | D        | Received a gift from Yredelemnul
  1331 | D        | Killed an orc warrior
  1334 | D        | Killed an orc warrior
  1334 | D        | Received a gift from Yredelemnul
  1336 | D        | Killed an orc warrior
  1342 | D        | Killed an orc priest
  1344 | D        | Killed an orc warrior
  1344 | D        | Received a gift from Yredelemnul
  1347 | D        | Killed an orc wizard
  1430 | D        | Found Iduim's Assorted Antiques.
  1430 | D        | Noticed an orc warrior
  1430 | D        | Noticed an orc knight
  1430 | D        | Noticed an orc knight
  1430 | D        | Noticed an orc knight
  1430 | D        | Noticed an orc knight
  1431 | D        | Noticed an orc knight
  1436 | D        | Noticed an orc knight
  1439 | D        | Killed an orc knight
  1439 | D        | Received a gift from Yredelemnul
  1440 | D        | Found Osiwnuphav's General Store.
  1440 | D        | Noticed an orc knight
  1445 | D        | Killed an orc knight
  1445 | D        | Reached skill level 10 in Stealth
  1446 | D        | Noticed an orc warrior
  1452 | D        | Killed an orc knight
  1457 | D        | Killed an orc knight
  1458 | D        | Found Refumev's General Store.
  1467 | D        | Killed an orc knight
  1467 | D        | Received a gift from Yredelemnul
  1470 | D        | Killed an orc warrior
  1475 | D        | Killed an orc warrior
  1476 | D        | Killed an orc knight
  1482 | D        | Killed an orc knight
  1482 | D        | Received a gift from Yredelemnul
  1484 | D        | Found Joanic's Distillery.
  1531 | D        | Bought a twisted cloak for 285 gold pieces
  1531 | D        | Bought an amethyst potion for 27 gold pieces
  1531 | D        | Bought a metallic inky potion for 27 gold pieces
  1531 | D        | Bought a scroll labeled FOSTRU GEKAED for 30 gold pieces
  1531 | D        | Noticed an orc knight
  1532 | D        | Noticed an orc warrior
  1533 | D        | Noticed an orc knight
  1534 | D        | Noticed an orc knight
  1541 | D        | Killed an orc knight
  1551 | D        | Killed an orc knight
  1565 | D        | Killed an orc warrior
  1569 | D        | Killed an orc knight
  1569 | D        | Reached skill level 15 in Stealth
  1570 | D        | Received a gift from Yredelemnul
  1582 | D        | Bought a scroll of identify for 22 gold pieces
  1587 | D        | Bought a potion of heal wounds for 55 gold pieces
  1603 | D        | Bought a scroll of identify for 22 gold pieces
  1603 | D        | Bought a scroll of immolation for 38 gold pieces
  1619 | D        | Identified the cursed +0 cloak of the Bard {rPois Str+4 Dex+4} (You bought it in a shop in the Dungeon)
  1622 | D        | Bought a scroll of random uselessness for 11 gold pieces
  1622 | D        | Bought a potion of resistance for 110 gold pieces
  1624 | D        | Bought a potion of agility for 44 gold pieces
  1624 | D        | Bought a potion of mutation for 27 gold pieces
  1624 | D        | Bought a potion of flight for 33 gold pieces
  1624 | D        | Bought a potion of haste for 110 gold pieces
  1624 | D        | Bought a potion of curing for 33 gold pieces
  1624 | D        | Bought a potion of curing for 33 gold pieces
  1624 | D        | Bought a potion of curing for 33 gold pieces
  1624 | D        | Bought a potion of might for 44 gold pieces
  1628 | D        | Bought a potion of resistance for 110 gold pieces
  1630 | D        | Bought a leatherbound book for 450 gold pieces
  1634 | D        | Bought an ornate deck of summoning for 220 gold pieces
  1683 | D        | Noticed Eustachio
  1688 | D        | Noticed Psyche
  1694 | D        | Killed Eustachio
  1700 | D        | Killed Psyche
  1795 | D        | Identified a +1 pair of boots of running (You found it in the Dungeon)
  1835 | D        | Noticed a manticore
  1835 | D        | Noticed a tengu warrior
  1835 | D        | Noticed a troll
  1835 | D        | Noticed a six-headed hydra
  1835 | D        | Noticed a centaur warrior
  1841 | D        | Killed a manticore
  1841 | D        | Received a gift from Yredelemnul
  1847 | D        | Noticed a stone giant
  1849 | D        | Noticed a manticore
  1850 | D        | Killed a tengu warrior
  1850 | D        | Reached skill level 22 in Unarmed Combat
  1855 | D        | Killed a six-headed hydra
  1856 | D        | Noticed a human
  1859 | D        | Killed a troll
  1863 | D        | Killed an unseen horror
  1868 | D        | Killed a stone giant
  1870 | D        | Killed a centaur warrior
  1871 | D        | Received a gift from Yredelemnul
  1871 | D        | Noticed an entropy weaver
  1874 | D        | Killed a manticore
  1881 | D        | Noticed a shock serpent
  1881 | D        | a merfolk changed into a shock serpent
  1883 | D        | a shock serpent changed into a wolf spider
  1883 | D        | Killed an entropy weaver
  1884 | D        | Noticed a centaur warrior
  1892 | D        | Received a gift from Yredelemnul
  1895 | D        | Killed a centaur warrior
  1895 | D        | Reached XP level 13. HP: 110/119 MP: 16/19
  1896 | D        | Noticed a rakshasa
  1897 | D        | Noticed a centaur warrior
  1898 | D        | Noticed a frost giant
  1902 | D        | Killed a rakshasa
  1902 | D        | Reached skill level 23 in Unarmed Combat
  1913 | D        | Killed a frost giant
  1920 | D        | Killed a centaur warrior
  2075 | D        | Noticed a giant leech
  2075 | D        | Noticed a bog body
  2075 | D        | Noticed a giant leech
  2075 | D        | Noticed a giant leech
  2075 | D        | Noticed an alligator
  2075 | D        | Noticed a slime creature
  2079 | D        | Killed a giant leech
  2080 | D        | Received a gift from Yredelemnul
  2080 | D        | Received a gift from Yredelemnul
  2080 | D        | Noticed an alligator
  2080 | D        | Killed a bog body
  2081 | D        | Noticed a hornet
  2085 | D        | Killed a giant leech
  2086 | D        | Noticed an eight-headed hydra
  2092 | D        | Killed a giant leech
  2095 | D        | Killed an alligator
  2095 | D        | Received a gift from Yredelemnul
  2100 | D        | Killed a slime creature
  2106 | D        | Killed an alligator
  2106 | D        | Reached skill level 24 in Unarmed Combat
  2106 | D        | Received a gift from Yredelemnul
  2108 | D        | Killed an eight-headed hydra
  2112 | D        | Killed a hornet
  2112 | D        | Received a gift from Yredelemnul
  2154 | D        | Noticed a black mamba
  2154 | D        | Noticed a mana viper
  2154 | D        | Noticed a greater naga
  2154 | D        | Noticed a naga warrior
  2154 | D        | Noticed a black mamba
  2154 | D        | Noticed a black mamba
  2155 | D        | Noticed a shock serpent
  2157 | D        | Killed a black mamba
  2164 | D        | Noticed a black mamba
  2165 | D        | Killed a greater naga
  2165 | D        | Received a gift from Yredelemnul
  2166 | D        | Noticed a greater naga
  2170 | D        | Killed a mana viper
  2176 | D        | Killed a naga warrior
  2176 | D        | Received a gift from Yredelemnul
  2179 | D        | Killed a shock serpent
  2184 | D        | Killed a black mamba
  2186 | D        | Killed a black mamba
  2186 | D        | Reached skill level 15 in Fighting
  2187 | D        | Received a gift from Yredelemnul
  2188 | D        | Killed a greater naga
  2188 | D        | Reached skill level 25 in Unarmed Combat
  2192 | D        | Killed a black mamba
  2242 | D        | Noticed an orb spider
  2242 | D        | Noticed an entropy weaver
  2242 | D        | Noticed a spider
  2242 | D        | Noticed a jumping spider
  2242 | D        | Noticed a moth of wrath
  2243 | D        | Noticed a jumping spider
  2244 | D        | Noticed a trapdoor spider
  2247 | D        | Killed a trapdoor spider
  2249 | D        | Killed an orb spider
  2249 | D        | Received a gift from Yredelemnul
  2250 | D        | Noticed a jumping spider
  2251 | D        | Noticed a tarantella
  2252 | D        | Killed a jumping spider
  2257 | D        | Killed an entropy weaver
  2257 | D        | Received a gift from Yredelemnul
  2259 | D        | Killed a spider
  2261 | D        | Killed a moth of wrath
  2261 | D        | Received a gift from Yredelemnul
  2266 | D        | Killed a jumping spider
  2267 | D        | Killed a tarantella
  2267 | D        | Killed a jumping spider
  2268 | D        | Received a gift from Yredelemnul
  2297 | D        | Noticed a merfolk
  2297 | D        | Noticed a snapping turtle
  2297 | D        | Noticed a snapping turtle
  2297 | D        | Noticed a water elemental
  2297 | D        | Noticed a centaur
  2297 | D        | Noticed a water nymph
  2298 | D        | Noticed a water nymph
  2300 | D        | Killed a merfolk
  2301 | D        | Noticed a harpy
  2303 | D        | Killed a snapping turtle
  2304 | D        | Noticed a sea snake
  2313 | D        | Killed a snapping turtle
  2316 | D        | Killed a water elemental
  2320 | D        | Killed a water nymph
  2320 | D        | Received a gift from Yredelemnul
  2323 | D        | Killed a water nymph
  2324 | D        | Killed a centaur
  2329 | D        | Killed a harpy
  2329 | D        | Received a gift from Yredelemnul
  2333 | D        | Killed a sea snake
  2451 | D        | Noticed a wolf
  2456 | D        | Noticed a wolf
  2458 | D        | Noticed Grum
  2460 | D        | Noticed a wolf
  2462 | D        | Killed a wolf
  2464 | D        | Killed a wolf
  2468 | D        | Killed Grum
  2471 | D        | Killed a wolf
  2477 | D        | Noticed a wolf
  2481 | D        | Killed a wolf
  2481 | D        | Received a gift from Yredelemnul
  2512 | D        | Noticed a wizard
  2512 | D        | Noticed a tengu conjurer
  2512 | D        | Noticed a giant orange brain
  2512 | D        | Noticed an ettin
  2512 | D        | Noticed a tengu warrior
  2512 | D        | Noticed a fire dragon
  2517 | D        | Killed a wizard
  2518 | D        | Noticed a fire dragon
  2519 | D        | Killed a tengu conjurer
  2519 | D        | Reached XP level 14. HP: 138/138 MP: 20/20
  2520 | D        | Noticed a golden dragon
  2522 | D        | Noticed an ice dragon
  2524 | D        | Killed a giant orange brain
  2524 | D        | Received a gift from Yredelemnul
  2525 | D        | Noticed a frost giant
  2529 | D        | Killed an ettin
  2529 | D        | Reached skill level 26 in Unarmed Combat
  2531 | D        | Killed a tengu warrior
  2531 | D        | Received a gift from Yredelemnul
  2532 | D        | Noticed an entropy weaver
  2539 | D        | Killed a fire dragon
  2540 | D        | Noticed a yaktaur captain
  2541 | D        | Noticed a slime creature
  2544 | D        | Killed a fire dragon
  2557 | D        | Killed a golden dragon
  2564 | D        | Killed an ice dragon
  2573 | D        | Killed a frost giant
  2574 | D        | Received a gift from Yredelemnul
  2574 | D        | Received a gift from Yredelemnul
  2578 | D        | Killed an entropy weaver
  2579 | D        | Noticed an entropy weaver
  2580 | D        | Noticed a yaktaur
  2581 | D        | Noticed a frost giant
  2582 | D        | Noticed an ettin
  2583 | D        | Killed a yaktaur captain
  2584 | D        | Noticed a hell knight
  2586 | D        | Killed a slime creature
  2586 | D        | Received a gift from Yredelemnul
  2595 | D        | Killed an entropy weaver
  2599 | D        | Killed a yaktaur
  2599 | D        | Received a gift from Yredelemnul
  2611 | D        | Killed a frost giant
  2611 | D        | Reached skill level 27 in Unarmed Combat
  2616 | D        | Killed an ettin
  2620 | D        | Killed a hell knight
  2620 | D        | Received a gift from Yredelemnul
  2828 | D        | Noticed a boggart
  2828 | D        | Noticed an ironbrand convoker
  2828 | D        | Noticed a griffon
  2828 | D        | Noticed a cyclops
  2828 | D        | Noticed an orc knight
  2828 | D        | Noticed an ironbrand convoker
  2829 | D        | Noticed an ice dragon
  2830 | D        | Killed a boggart
  2831 | D        | Noticed a great orb of eyes
  2832 | D        | Killed an ironbrand convoker
  2832 | D        | Received a gift from Yredelemnul
  2833 | D        | Noticed a vault sentinel
  2837 | D        | Killed a griffon
  2843 | D        | Noticed a golden eye
  2843 | D        | a golden eye changed into a soldier ant
  2845 | D        | Killed a cyclops
  2845 | D        | Received a gift from Yredelemnul
  2846 | D        | Noticed a slime creature
  2849 | D        | Killed an orc knight
  2851 | D        | Killed an ironbrand convoker
  2851 | D        | Received a gift from Yredelemnul
  2852 | D        | Noticed a salamander stormcaller
  2853 | D        | Noticed a redback
  2856 | D        | Killed an ice dragon
  2857 | D        | Noticed a freezing wraith
  2859 | D        | Killed a vault sentinel
  2860 | D        | Killed a great orb of eyes
  2868 | D        | Killed a slime creature
  2874 | D        | HP: 2/149 [salamander stormcaller/great blast of fire (38)]
  2877 | D        | Engulfed by a salamander stormcaller's flame

Vault maps used:
D:        linesprint

Action                   |  1- 3 |  4- 6 |  7- 9 | 10-12 | 13-15 || total
-------------------------+-------+-------+-------+-------+-------++-------
Melee: Unarmed           |    34 |     8 |    59 |   268 |   191 ||   560
Throw: Throwing net      |       |       |       |     1 |       ||     1
Invok: Injury Mirror     |       |     1 |     2 |     6 |     7 ||    16
       Animate Dead      |       |       |       |     7 |    14 ||    21
       Drain Life        |       |       |       |     2 |     3 ||     5
Evoke: Wand              |       |       |     6 |     4 |       ||    10
  Use: Potion            |     1 |       |       |       |     4 ||     5
       Scroll            |       |       |       |     7 |       ||     7
 Stab: Sleeping          |     1 |       |       |       |     4 ||     5
       Distracted        |       |       |       |     2 |     2 ||     4
       Invisible         |       |       |       |       |     9 ||     9
  Eat: Chunk             |     2 |     3 |    10 |    48 |    32 ||    95
